 Dungeon Sprint DCSS version 0.31-a0-18-gea43df2a32 (webtiles) character file.

Game seed: 9352273658217000721

3455 sircluck the Brawler (level 9, -13/101 HPs)
             Began as a Troll Berserker on May 11, 2023.
             Was a High Priest of Trog.
             Collided with a rock wall (17 damage)
             ... caused by Sigmund
             ... in the Dungeon (Sprint III: "The Ten Rune Challenge").
             The game lasted 00:03:09 (706 turns).

sircluck the Brawler (Troll Berserker)               Turns: 706, Time: 00:03:10

Health: -13/101    AC:  4    Str: 31    XL:     9   Next: 78%
Magic:  8/8        EV: 12    Int:  3    God:    Trog [*****.]
Gold:   27         SH:  0    Dex:  9    Spells: 8/8 levels left

rFire   . .          .
                       - Unarmed
rCold   . . .        (no shield)
rNeg    . . .        a - +0 animal skin
rPois   .            (helmet restricted)
rElec   .            (no cloak)
rCorr   .            (gloves unavailable)
SInv    .            (boots unavailable)
Will    .....        (no amulet)
Stlth   +            (no ring)
HPRegen 1.16/turn    (no ring)
MPRegen 0.11/turn

%: no teleportation
@: on berserk cooldown, slowed, very slow
A: large, unfitting armour, claws 3, regeneration 1, shaggy fur 1, tough skin 1
a: Renounce Religion, Berserk, Trog's Hand, Brothers in Arms


You were in the Dungeon.
You worshipped Trog.
Trog was extremely pleased with you.
You visited 1 branch You collected 27 gold pieces.

Inventory:

Armour
 a - a +0 animal skin (worn)
 n - a +0 robe of willpower
Scrolls
 g - a scroll of blinking
 i - 2 scrolls of torment {unknown}
 j - 3 scrolls of identify
Potions
 b - 2 potions of curing
 c - 3 potions of heal wounds
 d - a potion of haste
 e - 4 potions of magic
 f - a potion of berserk rage
 h - 3 potions of mutation {unknown}
 k - a potion of lignification {unknown}
 l - a potion of attraction {unknown}
Miscellaneous
 m - a tin of tremorstones (2/2)


   Skills:
 + Level 10.1 Fighting
 + Level 10.0 Dodging
 + Level 16.3 Unarmed Combat


You had 8 spell levels left.
You didn't know any spells.
Your spell library was empty.

Dungeon Overview and Level Annotations

Branches:
Dungeon (1/1)

Altars:
Cheibriados
Dithmenos
Elyvilon
Fedhas
Gozag
Hepliaklqana
Kikubaaqudgha
Makhleb
Nemelex Xobeh
Okawaru
Qazlal
Ru
Sif Muna
Trog
Uskayaw
Vehumet
Wu Jian
Xom
Yredelemnul
Zin
The Shining One
Jiyva
Lugonu

Annotations:
D Edmund, Sigmund


Innate Abilities, Weirdness & Mutations

You are too large for most types of armour.
You have claws for hands.
Your natural rate of healing is unusually fast.
You are covered in fur. (AC +1)
You have tough skin. (AC +1)


Message History

Sigmund is moderately wounded.
You're too confused to move!
Edmund hits you with a +1 great mace of freezing!
Edmund freezes you.
Sigmund hits you with a +2 scythe of distortion.
Space warps around you.
You feel a strong urge to attack something.
You are no longer berserk.
You are exhausted.
You feel yourself slow down.
You bump into the rock wall.
Edmund barely misses you.
Sigmund hits you from afar with a +2 scythe of distortion!
Edmund hits you with a +1 great mace of freezing.
Edmund freezes you.
You bump into the rock wall.
Sigmund hits you from afar with a +2 scythe of distortion.
Edmund barely misses you.
You bump into the rock wall.
You feel less confused. Edmund misses you. Sigmund closely misses you.
Edmund hits you with a +1 great mace of freezing!
Edmund freezes you.
Unknown command.
You barely miss Edmund.
Sigmund hits you from afar with a +2 scythe of distortion!
Edmund hits you with a +1 great mace of freezing!
Edmund freezes you.
Unknown command.
Your cyclops goes berserk!
Edmund hits you with a +1 great mace of freezing!
Edmund freezes you.
Sigmund hits you from afar with a +2 scythe of distortion.
Edmund closely misses you.
Your cyclops misses Sigmund. Sigmund casts a spell at you.
The lance of force hits you!!
* * * LOW HITPOINT WARNING * * *
You are knocked back by the lance of force.
You slam into the rock wall!
You die...

##################
#.#.#.....#..^.^.+
.#.##.###)#.^...^#
.#.##)#.)##.....^#
..#..##..'^......#
▓▓▓▓▓▓▓▓▓#...^^..#
...~~~...#..^..^.#
≈≈≈≈≈♣♣P.'......@#
♣♣♣♣♣♣♣P.#.C.....#
♣♣♣##@###### #.@.+
#...# #...# #####


You could see Sigmund (ally target) and a friendly cyclops (summoned, berserk).

Vanquished Creatures
  Erolcha (D)
  A deep elf pyromancer (D)
  3 wandering mushrooms (D)
  A shadow (D)
  2 redbacks (D)
  A spatial vortex (D)
  5 two-headed ogres (D)
  A necrophage (D)
  A water elemental (D)
  A scorpion (D)
  A jelly (D)
  Jessica (D)
  A wizard (D)
  A necromancer (D)
  3 humans (D)
  A kobold demonologist (D)
  An endoplasm (D)
  2 rats (D)
28 creatures vanquished.

Notes
Turn   | Place    | Note
-------+----------+-------------------------------------------
     0 | D        | sircluck the Troll Berserker began the quest for the Orb.
     0 | D        | Reached XP level 1. HP: 22/22 MP: 0/0
    10 | D        | Noticed Jessica
    11 | D        | Reached ** piety under Trog
    16 | D        | Killed Jessica
    17 | D        | Reached skill level 4 in Unarmed Combat
    17 | D        | Reached XP level 2. HP: 9/32 MP: 1/1
    17 | D        | Reached XP level 3. HP: 10/39 MP: 2/2
    74 | D        | Reached skill level 5 in Unarmed Combat
    79 | D        | Noticed a scorpion
    90 | D        | Killed a scorpion
    90 | D        | Reached *** piety under Trog
    91 | D        | Reached skill level 5 in Fighting
    91 | D        | Reached skill level 6 in Unarmed Combat
    91 | D        | Reached XP level 4. HP: 39/50 MP: 3/3
   115 | D        | Noticed a water elemental
   122 | D        | Killed a water elemental
   123 | D        | Reached skill level 5 in Dodging
   123 | D        | Reached skill level 7 in Unarmed Combat
   123 | D        | Reached XP level 5. HP: 34/58 MP: 4/4
   147 | D        | Found a basalt altar of Yredelemnul.
   147 | D        | Found a shadowy altar of Dithmenos.
   147 | D        | Found a sacrificial altar of Ru.
   154 | D        | Reached skill level 8 in Unarmed Combat
   165 | D        | Noticed a shadow
   174 | D        | Killed a shadow
   174 | D        | Reached **** piety under Trog
   175 | D        | Reached skill level 9 in Unarmed Combat
   175 | D        | Reached XP level 6. HP: 50/71 MP: 5/5
   193 | D        | Found a hide-covered altar of Uskayaw.
   193 | D        | Found an iron altar of Okawaru.
   193 | D        | Found a bloodstained altar of Trog.
   193 | D        | Found an ornate altar of the Wu Jian Council.
   193 | D        | Noticed a human
   194 | D        | Noticed a human
   197 | D        | Killed a human
   198 | D        | Reached skill level 10 in Unarmed Combat
   198 | D        | Reached XP level 7. HP: 76/79 MP: 6/6
   199 | D        | Killed a human
   200 | D        | Reached skill level 11 in Unarmed Combat
   213 | D        | Found a radiant altar of Vehumet.
   213 | D        | Found a shimmering blue altar of Sif Muna.
   213 | D        | Found an ancient bone altar of Kikubaaqudgha.
   215 | D        | Reached ***** piety under Trog
   216 | D        | Noticed a rust devil
   217 | D        | Noticed a soul eater
   276 | D        | Found a glowing silver altar of Zin.
   276 | D        | Found a glowing golden altar of the Shining One.
   276 | D        | Found a white marble altar of Elyvilon.
   277 | D        | Noticed a deep elf pyromancer
   280 | D        | Killed a deep elf pyromancer
   281 | D        | Reached skill level 12 in Unarmed Combat
   281 | D        | Reached XP level 8. HP: 64/89 MP: 7/7
   304 | D        | Found a blossoming altar of Fedhas.
   304 | D        | Found a stormy altar of Qazlal.
   304 | D        | Found a snail-covered altar of Cheibriados.
   304 | D        | Found a burning altar of Makhleb.
   304 | D        | Found a shimmering altar of Xom.
   305 | D        | Found a hazy altar of Hepliaklqana.
   305 | D        | Found an opulent altar of Gozag.
   305 | D        | Found a sparkling altar of Nemelex Xobeh.
   305 | D        | Found a corrupted altar of Lugonu.
   305 | D        | Found a viscous altar of Jiyva.
   310 | D        | Received a gift from Trog
   342 | D        | Reached skill level 13 in Unarmed Combat
   367 | D        | Noticed a two-headed ogre
   371 | D        | Killed a two-headed ogre
   408 | D        | Noticed a two-headed ogre
   408 | D        | Noticed Erolcha
   415 | D        | Killed a two-headed ogre
   416 | D        | Reached skill level 14 in Unarmed Combat
   416 | D        | Reached XP level 9. HP: 82/100 MP: 8/8
   420 | D        | Killed Erolcha
   420 | D        | Received a gift from Trog
   421 | D        | Reached skill level 15 in Unarmed Combat
   429 | D        | Reached skill level 10 in Fighting
   512 | D        | Noticed a wandering mushroom
   644 | D        | Killed a wandering mushroom
   649 | D        | Noticed a wandering mushroom
   651 | D        | Noticed a wandering mushroom
   657 | D        | Killed a wandering mushroom
   658 | D        | Reached skill level 16 in Unarmed Combat
   662 | D        | Reached skill level 10 in Dodging
   690 | D        | Noticed Sigmund
   690 | D        | Noticed Edmund
   706 | D        | HP: 4/101 [Sigmund/lance of force (35)]
   706 | D        | Collided with a rock wall

Illustrated notes

Levels and vault maps discovered:
D:        dungeon_sprint_mu [sprint_mu_entry_forest, sprint_mu_temple_rooms,
          sprint_mu_d1_spiders, sprint_mu_d2_genie, sprint_mu_d3_branching,
          sprint_mu_orc_legion, sprint_mu_elf_gauntlet, sprint_mu_hive_nellie,
          sprint_mu_lair_fedhas, sprint_mu_vaults_butterflies,
          sprint_mu_slime_circle, sprint_mu_swamp_cave, sprint_mu_shoals_archi,
          sprint_mu_blade_basic, sprint_mu_crypt_chambers,
          sprint_mu_tomb_spiral, sprint_mu_vestibule_basic,
          sprint_mu_gehenna_hellfire, sprint_mu_dis_giant,
          sprint_mu_tartarus_statrot, sprint_mu_cocytus_islands, sprint_mu_zot1]

Skill      XL: |  1  2  3  4  5  6  7  8  9 |
---------------+----------------------------+-----
Fighting       | 3 5 7 8 9 10 | 10.1
Dodging        | 3 4 5 6 7 8 9 10 | 10.0
Unarmed Combat | 4 6 7 9 10 12 14 16 | 16.3

Action                     |  1- 3 |  4- 6 |  7- 9 || total
---------------------------+-------+-------+-------++-------
  Melee: Unarmed           |    24 |    22 |    66 ||   112
         Punch             |       |       |     5 ||     5
 Invoke: Berserk           |       |     1 |     3 ||     4
         Brothers in Arms  |       |       |     1 ||     1
 Armour: Animal skin       |     4 |     2 |     3 ||     9
  Dodge: Dodged            |     7 |    11 |    30 ||    48

Table legend: (Time is in decaauts)
 A = Elapsed time spent in this place.
 B = Non-inter-level travel time spent in this place.
 C = Inter-level travel time spent in this place.
 D = Time resting spent in this place.
 E = Time spent auto-exploring this place.
 F = Levels seen in this place.
 G = Mean time per level.
                   A        B        C        D        E       F      G
               +--------+--------+--------+--------+--------+-----+--------+
         Total |    709 |    660 |     49 |    260 |     63 |   1 |  709.0 |
       Dungeon |    709 |    660 |     49 |    260 |     63 |   1 |  709.0 |
               +--------+--------+--------+--------+--------+-----+--------+

Top non-repeatable levels by time:
       D: 709 daAuts
